 Dungeon Crawl Stone Soup version 0.29.1-2-gbd0b4ee654 (webtiles) character file.

Game seed: 18067543942928731527

88 GorkyZ the Trooper (level 4, -1/36 HPs)
             Began as a Demonspawn Fighter on Nov 19, 2022.
             Slain by an orc priest
             ... wielding a +0 club
              (5 damage)
             ... on level 3 of the Dungeon.
             The game lasted 00:05:50 (2146 turns).

GorkyZ the Trooper (Demonspawn Fighter)             Turns: 2146, Time: 00:05:51

Health: -1/36      AC:  9    Str: 18    XL:     4   Next: 30%
Magic:  4/4        EV:  9    Int: 10    God:
Gold:   107        SH:  4    Dex: 12    Spells: 3/3 levels left

rFire   . . .      SeeInvis .   s - +4 hand axe
rCold   . . .      Faith    .   c - +0 buckler
rNeg    + . .      Spirit   .   b - +0 scale mail
rPois   .          Reflect  .   q - +1 hat
rElec   .          Harm     .   (no cloak)
rCorr   .          Rampage  .   l - +0 pair of gloves
Will    .....                   (no boots)
Stlth   ..........              (no amulet)
HPRegen 0.12/turn               n - ring of positive energy
MPRegen 0.09/turn               (no ring)

@: no status effects
A: demonic guardian 2
a: no special abilities


You were on level 3 of the Dungeon.
You visited 1 branch of the dungeon, and saw 3 of its levels.

You collected 107 gold pieces.

Inventory:

Hand Weapons
 a - a +0 war axe
 m - a +0 hand axe
 s - a +4 hand axe (weapon)
Missiles
 u - 2 poisoned darts (quivered)
Armour
 b - a +0 scale mail (worn)
 c - a +0 buckler (worn)
 l - a +0 pair of gloves (worn)
 q - a +1 hat (worn)
Jewellery
 f - an amulet of magic regeneration
 n - a ring of positive energy (left hand)
Scrolls
 g - 5 scrolls of teleportation {unknown}
 h - 2 scrolls of identify {unknown}
 i - a scroll of magic mapping {unknown}
 j - a scroll of fog {unknown}
 k - a scroll of blinking {unknown}
 p - a scroll of amnesia {unknown}
 t - 2 scrolls of summoning {unknown}
Potions
 d - a potion of might
 e - 3 potions of attraction {unknown}
 o - a potion of haste {unknown}
 r - a potion of heal wounds {unknown}


   Skills:
 + Level 3.6 Fighting
 + Level 2.5 Axes
 + Level 3.3 Armour
 + Level 3.3 Shields


You had 3 spell levels left.
You didn't know any spells.
Your spell library contained the following spells:

 Spells                   Type           Power      Damage    Failure   Level
 Apportation              Tloc           0%         N/A       83%         1
 Foxfire                  Conj/Fire      0%         2x1d4     83%         1
 Necrotise                Necr           0%         1d4       83%         1
 Summon Small Mammal      Summ           0%         N/A       83%         1
 Conjure Flame            Conj/Fire      0%         6-21      99%         3
 Inner Flame              Hex/Fire       0%         N/A       99%         3
 Flame Wave               Conj/Fire      0%         2d4       100%        4


Dungeon Overview and Level Annotations

Branches:
Dungeon (3/15)

Altars:
Xom

Shops:
D:1 :


Innate Abilities, Weirdness & Mutations

A demonic guardian rushes to your aid.


Message History

You are too injured to fight recklessly!
You are too injured to fight recklessly!
You are too injured to fight recklessly!
You are too injured to fight recklessly!
You are too injured to fight recklessly!
You are too injured to fight recklessly!
You are too injured to fight recklessly!
You are too injured to fight recklessly!
The orc priest blocks your attack.
The orc priest is heavily wounded.
The gnoll closely misses you. The orc priest hits you with a +0 club.
The orc priest blocks your attack.
The orc priest is heavily wounded.
The gnoll hits you from afar with a +0 spear.
* * * LOW HITPOINT WARNING * * *
You block the orc priest's attack. The orc priest blocks your attack.
The orc priest is heavily wounded.
The gnoll hits you but does no damage. The orc priest hits you with a +0 club.
* * * LOW HITPOINT WARNING * * *
A demonic guardian appears!
The orc priest blocks your attack.
The orc priest is heavily wounded.
You block the gnoll's attack.
The orc priest invokes the aid of Beogh against you.
You are unaffected.
The gnoll hits you from afar with a +0 spear.
* * * LOW HITPOINT WARNING * * *
The orc priest completely misses you. The orc priest blocks your attack.
The orc priest is heavily wounded.
The orc priest blocks your ice devil's attack.
The gnoll hits you but does no damage.
The orc priest mumbles some strange prayers to Beogh against your ice devil.
Your ice devil is smitten.
The orc priest blocks your attack.
The orc priest is heavily wounded.
The orc priest blocks your ice devil's attack.
You block the gnoll's attack. The orc priest hits you with a +0 club.
You die...

....## ..... ....# ....#
....# . g.. #
..###############o#..###
..............).@4......
.......###.######.#..###
.#.###.##..# .# # .#.#
#.##..# .# ##.# #.##..#
.# ##.# #.##..# .# ##.#
#.##..# .#
##.###.##..### .#
.)............


You could see an orc priest (ally target), a gnoll and a friendly ice devil
(summoned).

Vanquished Creatures
  3 gnolls (D:3)
  An adder (D:2)
  2 worms (D:2)
  A dart slug (D:2)
  3 orcs (D:3)
  6 ball pythons
  4 endoplasms
  A giant cockroach (D:1)
  A goblin (D:1)
  3 hobgoblins
  A jackal (D:1)
  A quokka (D:1)
  4 bats
  3 frilled lizards
  3 kobolds
  A rat (D:2)
38 creatures vanquished.

Vanquished Creatures (collateral kills)
  A jackal (D:1)
1 creature vanquished.

Grand Total: 39 creatures vanquished

Notes
Turn   | Place    | Note
-------+----------+-------------------------------------------
     0 | D:1      | GorkyZ the Demonspawn Fighter began the quest for the Orb.
     0 | D:1      | Reached XP level 1. HP: 18/18 MP: 1/1
    62 | D:1      | Found Iseump's Book Shoppe.
   367 | D:1      | Gained mutation: A weak demonic guardian rushes to your
                  | aid. [demonic ancestry]
   367 | D:1      | Reached XP level 2. HP: 24/24 MP: 2/2
  1187 | D:2      | Found a shimmering altar of Xom.
  1263 | D:2      | Gained mutation: A demonic guardian rushes to your aid.
                  | [demonic ancestry]
  1263 | D:2      | Reached XP level 3. HP: 29/29 MP: 3/3
  1463 | D:2      | Found a faded altar of an unknown god.
  2116 | D:3      | Reached XP level 4. HP: 33/35 MP: 4/4
  2132 | D:3      | Identified the +7 tower shield of Minor Irritation {rElec
                  | Str-3 Int+9}
  2146 | D:3      | Slain by an orc priest

Illustrated notes

Levels and vault maps discovered:
D:1:      saegor_arrival_simple_e, layout_loops_cross, serial_shops,
          nicolae_shop_temple_entry_statues_fountains, minmay_misc_feat_room
D:2:      layout_basic, shapermc_ecumenical_altar_petra, basic_altar
D:3:      layout_basic, hangedman_abyss_or_decor_stabs

Skill      XL: |  1  2 |
---------------+-------+-----
Axes           | 2 |  2.5
Armour         | 3 |  3.3
Shields        | 3 |  3.3
Fighting       | |  3.6

Action                   |  1- 3 |  4- 6 || total
-------------------------+-------+-------++-------
Melee: War axe           |    36 |       ||    36
       Hand axe          |    58 |    21 ||    79
 Stab: Held in net/web   |     2 |       ||     2
Armor: Scale mail        |    50 |     6 ||    56
Dodge: Dodged            |    35 |     8 ||    43
Block: Buckler           |    17 |     4 ||    21
